 Dungeon Crawl Stone Soup version 0.28-a0-655-g4eb62b627b (webtiles) character file.

Game seed: 3736058243050354659

220 avis the Insei (level 5, -4/36 HPs)
             Began as an Octopode Transmuter on Oct 12, 2021.
             Slain by a gnoll (8 damage)
             ... on level 3 of the Dungeon.
             The game lasted 00:14:13 (2762 turns).

avis the Insei (Octopode Transmuter)                Turns: 2762, Time: 00:14:13

Health: -4/36      AC:  2    Str: 10    XL:     5   Next: 97%
Magic:  4/8        EV: 19    Int: 16    God:
Gold:   83         SH:  0    Dex: 17    Spells: 4/8 levels left

rFire   . . .      SeeInvis .     - Unarmed
rCold   . . .      Faith    .   (shield currently unavailable)
rNeg    . . .      Spirit   .   (helmet currently unavailable)
rPois   x          Reflect  .   (no amulet)
rElec   .          Harm     .   (no ring)
rCorr   .          Rampage  .   (no ring)
Will    .....                   (no ring)
Stlth   ++........              (no ring)
HPRegen 0.12/turn               (no ring)
MPRegen 0.11/turn               (no ring)
                                (no ring)
                                (no ring)

@: spider-form
A: venomous fangs, almost no armour, (amphibious), 8 rings, tiny, (camouflage
1), (gelatinous body 1), (nimble swimmer 1), (tentacles)
a: End Transformation


You were on level 3 of the Dungeon.
You were a venomous arachnid creature.
You visited 1 branch of the dungeon, and saw 3 of its levels.

You collected 83 gold pieces.

Inventory:

Missiles
 c - 12 poisoned darts
 d - 57 bolts
 e - 83 stones
 f - 2 throwing nets
 l - 39 arrows
 n - 6 atropa-tipped darts
Magical Staves
 b - a staff of poison (melded)
Scrolls
 a - a scroll of fear {unknown}
 g - a scroll of magic mapping {unknown}
 m - a scroll of noise {unknown}
 o - a scroll of silence {unknown}
 p - a scroll of identify {unknown}
 q - a scroll of teleportation {unknown}
Potions
 h - 2 potions of haste {unknown}
 i - 2 potions of heal wounds {unknown}
 j - 2 potions of curing {unknown}
 k - a potion of flight {unknown}


   Skills:
 - Level 3.0 Fighting
 - Level 2.0 Dodging
 - Level 2.0 Stealth
 - Level 5.0 Unarmed Combat
 - Level 2.0 Spellcasting
 * Level 2.9 Transmutations


You had 4 spell levels left.
You knew the following spells:

 Your Spells              Type           Power      Damage    Failure   Level
a - Beastly Appendage     Tmut           22%        N/A       17%         1
p - Spider Form           Tmut/Pois      3%         N/A       56%         3

Your spell library contained the following spells:

 Spells                   Type           Power      Damage    Failure   Level
 Wereblood                Tmut           11%        N/A       24%         2
 Ice Form                 Ice/Tmut       6%         N/A       89%         4


Dungeon Overview and Level Annotations

Branches:
Dungeon (3/15)

Altars:


Innate Abilities, Weirdness & Mutations

You are a venomous arachnid creature.
You have poisonous fangs.
You are tiny and dextrous.
Your spellcasting is less reliable in this form.
Your armour is entirely melded.
You are incapable of wielding weapons or throwing items.
You cannot wear most types of armour.
((You are amphibious.))
You can wear up to eight rings at the same time.
((Your skin changes colour to match your surroundings (Stealth+).))
((Your rubbery body absorbs attacks. (AC +1, EV +1)))
((You are camouflaged near water. (Stealth+)))
((You have tentacles for arms and can constrict up to eight enemies at once.))


Message History

You bite something! Something hits you.
You barely miss something.
A gnoll comes into view. It is wielding a +0 club.
Something hits you.
The gnoll shouts!
You hit something. Something barely misses you.
You hit something.
Reactivating autopickup.
You feel a bit more experienced.
A gnoll comes into view. It is wielding a +0 spear.
The gnoll shouts!
You hit the hobgoblin.
The hobgoblin is poisoned.
The hobgoblin is heavily wounded.
The hobgoblin misses you.
The gnoll hits you from afar with a +0 spear!
* * * LOW HITPOINT WARNING * * *
You hit the hobgoblin.
The hobgoblin is almost dead.
You kill the hobgoblin!
The gnoll closely misses you.
You barely miss the orc. The orc misses you.
The gnoll hits you from afar with a +0 spear.
* * * LOW HITPOINT WARNING * * *
Okay, then.
You hit the orc.
The orc is lightly wounded.
Your transformation has ended.
Your staff of poison unmelds from your body.
The orc completely misses you.
Casting: Spider Form (quite dangerous; 34% risk of failure)
Confirm with . or Enter, or press ? or * to list all spells.
The spell is quite dangerous to cast (34% risk of failure)!
Continue anyway?
You feel a surge of power!
You turn into a venomous arachnid creature.
Your staff of poison melds into your body.
The gnoll barely misses you. The orc completely misses you.
You hit the orc.
The orc is poisoned.
The orc is moderately wounded.
The gnoll hits you from afar with a +0 spear!
You die...

#.##....##.#........†.
#. #....##.#########.#
#.##....##............
.................####.
...................#..
......................
#######.########......
#########.# ##.....
...ggg.so.##########.#.#
.########..............#
#....go................
.....o)#.............##
.......######....#####
....... #.##.# ....... #
#.# ....... #.##.######
#.##### #......<...


You could see 3 gnolls and an orc (very poisoned).

Vanquished Creatures
  A necrophage (D:3)
  An orc priest (D:3)
  An orc wizard (D:3)
  2 adders (D:2)
  A worm (D:2)
  3 dart slugs (D:1)
  An orc (D:3)
  8 endoplasms
  2 giant cockroaches
  5 goblins
  4 hobgoblins
  4 jackals
  3 ball pythons (D:1)
  4 bats (D:1)
  2 frilled lizards
  6 kobolds
  8 rats
56 creatures vanquished.

Notes
Turn   | Place    | Note
-------+----------+-------------------------------------------
     0 | D:1      | avis the Octopode Transmuter began the quest for the Orb.
     0 | D:1      | Reached XP level 1. HP: 13/13 MP: 3/3
   210 | D:1      | Reached skill level 1 in Stealth
   225 | D:1      | Reached XP level 2. HP: 18/18 MP: 3/5
   550 | D:1      | Reached XP level 3. HP: 20/23 MP: 4/6
  1055 | D:2      | Learned a level 3 spell: Spider Form
  1094 | D:2      | Reached skill level 4 in Unarmed Combat
  1713 | D:2      | Reached XP level 4. HP: 29/29 MP: 3/7
  2195 | D:2      | Found a faded altar of an unknown god.
  2434 | D:3      | Noticed a necrophage
  2452 | D:3      | Killed a necrophage
  2453 | D:3      | Reached skill level 5 in Unarmed Combat
  2453 | D:3      | Reached XP level 5. HP: 15/36 MP: 2/8
  2762 | D:3      | Slain by a gnoll

Illustrated notes

Levels and vault maps discovered:
D:1:      doesnt_arrival_eight_statues, layout_loops_ring,
          hangedman_decor_slide_cut, hangedman_feature_mirror
D:2:      minmay_alternating_diamond, layout_loops_cross,
          hellmonk_ecumenical_altar_heavens_door
D:3:      layout_basic, minmay_increasing_density

Skill      XL: |  1  2  3  4  5 |
---------------+----------------+-----
Stealth        | 2 |  2.0
Unarmed Combat | 4 5 |  5.0
Fighting       | 2 3 |  3.0
Dodging        | |  2.0
Spellcasting   | |  2.0
Transmutations | |  2.9

Action                   |  1- 3 |  4- 6 || total
-------------------------+-------+-------++-------
Melee: Unarmed           |    60 |    43 ||   103
       Constrict         |    16 |     6 ||    22
       Kick              |    12 |     1 ||    13
       Tentacles         |     8 |     1 ||     9
       Staff             |     1 |    13 ||    14
 Cast: Beastly Appendage |    17 |     4 ||    21
       Spider Form       |     6 |     9 ||    15
 Stab: Sleeping          |     6 |     4 ||    10
Armor: Skin              |     1 |     2 ||     3
Dodge: Dodged            |    44 |    32 ||    76

Table legend: (Time is in decaauts)
 A = Elapsed time spent in this place.
 B = Non-inter-level travel time spent in this place.
 C = Inter-level travel time spent in this place.
 D = Time resting spent in this place.
 E = Time spent auto-exploring this place.
 F = Levels seen in this place.
 G = Mean time per level.
                   A        B        C        D        E       F      G
               +--------+--------+--------+--------+--------+-----+--------+
         Total |   2757 |   2549 |    208 |    605 |   1268 |   3 |  919.0 |
       Dungeon |   2757 |   2549 |    208 |    605 |   1268 |   3 |  919.0 |
               +--------+--------+--------+--------+--------+-----+--------+

Top non-repeatable levels by time:
     D:2: 1279 daAuts
     D:1: 956 daAuts
     D:3: 521 daAuts
